 Dungeon Crawl Stone Soup version 0.30.1-9-gdf580d7c3d (webtiles) character file.

Game seed: 13649903494647712635

269648 jagang the Fencer (level 21, -9/170 HPs)
             Began as a Human Monk on Sept 29, 2023.
             Was the Champion of the Shining One.
             Hit by a stone thrown by a vault warden (19 damage)
             ... on level 4 of the Vaults on Oct 10, 2023.
             The game lasted 03:34:55 (36156 turns).

jagang the Fencer (Human Monk)                     Turns: 36156, Time: 03:34:56

Health: -9/170     AC: 31    Str: 13    XL:     21   Next: 46%
Magic:  33/41      EV:  6    Int: 12    God:    the Shining One [******]
Gold:   2640       SH: 28    Dex: 49    Spells: 20/20 levels left

rFire   + . .        G - +5 eudemon blade (holy)
rCold   . . .        h - +0 tower shield {AC+3}
rNeg    + + +        z - +2 plate armour {Will+}
rPois   +            Q - +2 helmet of Words of Power {Int+3 Dex+5}
rElec   +            J - +2 cloak "Paovok" {rElec rN+ Dex+3}
rCorr   .            C - +0 pair of gloves of the Saviour {Rampage MP+9 Str+3 Int-3 Slay+2}
SInv    .            (no boots)
Will    +++..        O - amulet of regeneration Stlth
                     S - ring "Upsaskiz" {rPois rF+ Will+ Dex+6}
HPRegen 2.08/turn    u - +6 ring of dexterity
MPRegen 0.27/turn

%: rampage
@: glowing, studying Maces & Flails
A: talons 1, agile 1, regeneration 1
}: 1/15 runes: serpentine
a: Renounce Religion, Divine Shield, Cleansing Flame, Summon Divine Warrior,
Brand Weapon With Holy Wrath


You were on level 4 of the Vaults.
You worshipped the Shining One.
The Shining One was exalted by your worship.
You visited 7 branches of the dungeon, and saw 32 of its levels.
You also visited: Ossuary and Volcano.

You collected 3578 gold pieces.
You spent 938 gold pieces at shops.

Inventory:

Hand Weapons
 g - a +8 scimitar of flaming
 G - a +5 eudemon blade of holy wrath (weapon)
 K - a +1 scimitar of electrocution
Missiles
 f - 4 curare-tipped darts
 t - 6 atropa-tipped darts
 x - 32 poisoned darts
 T - 6 silver boomerangs (quivered)
 V - 10 javelins
Armour
 h - a +0 tower shield of protection (worn)
 z - a +2 plate armour of willpower (worn)
 C - the +0 pair of gloves of the Saviour (worn) {Rampage MP+9 Str+3 Int-3 Slay+2}
   (You found it on level 5 of the Lair of Beasts)

   Str:       It affects your strength (+3).
   Int:       It affects your intelligence (-3).
   Slay:      It affects your accuracy & damage with ranged weapons and melee
   (+2).
   MP:        It affects your magic capacity (+9).
   Rampage:   It bestows one free step when moving towards enemies.
 D - +0 storm dragon scales
 J - the +2 cloak "Paovok" (worn) {rElec rN+ Dex+3}
   (You bought it in a shop on level 2 of the Orcish Mines)

   Dex:       It affects your dexterity (+3).
   rElec:     It insulates you from electricity.
   rN:        It protects you from negative energy.
 Q - the +2 helmet of Words of Power (worn) {Int+3 Dex+5}
   (You found it in a volcano)

   Int:       It affects your intelligence (+3).
   Dex:       It affects your dexterity (+5).
Jewellery
 u - a +6 ring of dexterity (right hand)
 w - a ring of ice
 B - a ring of willpower
 F - the ring "Usuinemo" {rF+ Str+4 SInv}
   (You found it on level 10 of the Dungeon)

   [ring of see invisible]

   Str:       It affects your strength (+4).
   rF:        It protects you from fire.
   SInv:      It lets you see invisible.
 O - an amulet of regeneration (around neck)
 P - a ring of flight
 S - the ring "Upsaskiz" (left hand) {rPois rF+ Will+ Dex+6}
   (You found it on level 11 of the Dungeon)

   [ring of dexterity]

   Dex:       It affects your dexterity (+6).
   rF:        It protects you from fire.
   rPois:     It protects you from poison.
   Will:      It increases your willpower.
Wands
 e - a wand of flame (21)
 k - a wand of mindburst (33)
 n - a wand of iceblast (3)
 p - a wand of paralysis (29)
 q - a wand of acid (14)
 v - a wand of polymorph (28)
 I - a wand of digging (7)
Scrolls
 a - 20 scrolls of teleportation
 i - 2 scrolls of magic mapping
 l - 2 scrolls of fog
 o - 23 scrolls of identify
 y - a scroll of poison
 E - 4 scrolls of summoning
 M - a scroll of blinking
 N - 5 scrolls of fear
 W - 2 scrolls of silence
Potions
 b - 4 potions of heal wounds
 c - 5 potions of ambrosia
 j - 10 potions of lignification
 m - 19 potions of curing
 r - a potion of resistance
 s - 13 potions of flight
 A - 3 potions of cancellation
 H - 3 potions of berserk rage
 L - a potion of might
 R - 5 potions of brilliance
 X - 3 potions of haste
Miscellaneous
 d - a lightning rod (4/4)
 U - a phial of floods


   Skills:
 * Level 15.8 Fighting
 * Level 20.7 Long Blades
 - Level 4.4 Throwing
 + Level 15.9 Armour
 - Level 3.0 Dodging
 + Level 14.4 Shields
 + Level 14.7 Invocations
 - Level 8.6 Evocations


You had 20 spell levels left.
You didn't know any spells.
Your spell library contained the following spells:

 Spells                   Type           Power      Damage    Failure   Level
 Foxfire                  Conj/Fire      0%         2x1d4     100%        1
 Magic Dart               Conj           0%         1d3       100%        1
 Summon Small Mammal      Summ           0%         N/A       100%        1
 Cigotuvi's Dreadful Rot  Necr/Pois/Air  0%         N/A       100%        2
 Searing Ray              Conj           0%         2d4       100%        2
 Call Canine Familiar     Summ           0%         N/A       100%        3
 Gell's Gravitas          Tloc           0%         N/A       100%        3
 Ignite Poison            Fire/Tmut/Pois 0%         N/A       100%        3
 Portal Projectile        Hex/Tloc       0%         N/A       100%        3
 Summon Guardian Golem    Hex/Summ       0%         N/A       100%        3
 Teleport Other           Tloc           0%         N/A       100%        3
 Tukima's Dance           Hex            0%         N/A       100%        3
 Airstrike                Air            0%         2d(0-16)  100%        4
 Cause Fear               Hex            0%         N/A       100%        4
 Fulminant Prism          Conj/Hex       0%         3d5       100%        4
 Leda's Liquefaction      Hex/Erth       0%         N/A       100%        4
 Olgreb's Toxic Radiance  Pois           0%         N/A       100%        4
 Petrify                  Tmut/Erth      0%         N/A       100%        4
 Summon Ice Beast         Ice/Summ       0%         N/A       100%        4
 Blade Hands              Tmut           0%         N/A       100%        5
 Fireball                 Conj/Fire      0%         3d3       100%        5
 Freezing Cloud           Conj/Ice/Air   0%         6-21      100%        5
 Iskenderun's Battlesphe  Conj           0%         2d6       100%        5
 Lee's Rapid Deconstruct  Erth           0%         3d4*      100%        5
 Summon Mana Viper        Hex/Summ       0%         N/A       100%        5
 Conjure Ball Lightning   Conj/Air       0%         3x3d6     100%        6
 Death Channel            Necr           0%         N/A       100%        6
 Dispersal                Tloc           0%         N/A       100%        6
 Plasma Beam              Fire/Air       0%         2x1d11    100%        6
 Simulacrum               Ice/Necr       0%         N/A       100%        6
 Starburst                Conj/Fire      0%         6d3       100%        6
 Dragon Form              Tmut           0%         N/A       100%        7
 Monstrous Menagerie      Summ           0%         N/A       100%        7
 Orb of Destruction       Conj           0%         9d5       100%        7
 Ozocubu's Refrigeration  Ice            0%         4d7       100%        7
 Spellforged Servitor     Conj/Summ      0%         N/A       100%        7
 Discord                  Hex            0%         N/A       100%        8
 Ignition                 Fire           0%         3d3       100%        8
 Dragon's Call            Summ           0%         N/A       100%        9
 Polar Vortex             Ice            0%         N/A       100%        9


Dungeon Overview and Level Annotations

Branches:
Dungeon (15/15)            Temple (1/1) D:6            Lair (5/5) D:8
  Swamp (0/4) Lair:2        Snake (4/4) Lair:3        Slime (0/5) Lair:4
    Orc (2/2) D:12            Elf (0/3) Orc:2        Vaults (4/5) D:13
  Crypt (1/3) Vaults:3     Depths (0/4) D:15        Ossuary (visited)
Volcano (visited)

Altars:
Ashenzari
Elyvilon
Fedhas
Gozag
Nemelex Xobeh
Okawaru
Trog
Uskayaw
Vehumet
Xom
Yredelemnul
Zin
The Shining One
Jiyva

Shops:
D:9 ?   D:12 [   Orc:2 *[:(   Snake:4 :=   Vaults:1 =   Vaults:2 (   Vaults:3 =

Annotations:
Snake:1 1 runed translucent door, Yfikh's ghost, adept AtFi


Innate Abilities, Weirdness & Mutations

You have sharp toenails.
You are agile. (Dex +4, Str/Int -1)
Your natural rate of healing is unusually fast.


Message History

The vault warden is almost dead.
The ice encasing you melts away.
You block the ironbound frostheart's attack.
The vault warden activates a sealing rune.
The ironbound frostheart calls freezing cold from the walls.
The frost grips you!!
* * * LOW HITPOINT WARNING * * *
You are encased in ice.
The ironbound frostheart attacks as you move away!
The ironbound frostheart touches you but does no damage.
You block the vault warden's attack.
The boulder beetle leaps!
You slash the ironbound frostheart!
You claw the ironbound frostheart, but do no damage.
The ironbound frostheart is moderately wounded.
You block the ironbound frostheart's attack.
You block the vault warden's attack.
You slice the ironbound frostheart!! You claw the ironbound frostheart.
The ironbound frostheart is almost dead.
You block the ironbound frostheart's attack.
You block the vault warden's attack.
You hit the ironbound frostheart.
You claw the ironbound frostheart, but do no damage.
The ironbound frostheart is almost dead.
The ironbound frostheart calls freezing cold from the walls.
The frost grips you!
* * * LOW HITPOINT WARNING * * *
You block the vault warden's attack.
You cut the ironbound frostheart into ribbons!!!
You kill the ironbound frostheart!
The ice encasing you melts away.
The vault warden throws a stone.
You block the stone.
The ironbound frostheart calls freezing cold from the walls.
The frost grips you!
* * * LOW HITPOINT WARNING * * *
You are encased in ice.
The vault warden activates a sealing rune.
You are momentarily dazzled by a brilliant light.
The ice encasing you melts away.
The vault warden throws a stone.
The stone hits you!!
You die...

..# ##...## #......# ..# #.....#
#......# #.####.....###
#......######
.)##.........########+##++###....
))+....#.#....#...........###....
.)#.....#.....#......)....##.....
###....#.#B.pp[....)......##.....
##.........##...A††.....'......
###.....####.@.).......#......
#.....# #...........#######
##...## #...........# #... #####
#...........# #... #####
#....[......# #... ....#
###+#+####### #... ....# #.....#
#... ##..# #....)# #... ###.#
#.....# #...


You could see a vault warden (ally target) and a friendly daeva (summoned).

Vanquished Creatures
  Mara (Vaults:2)
  Mennas (Vaults:2)
  Boris (Vaults:2)
  Vashnia (Snake:3)
  Rupert (D:13)
  Mlioglotl (Snake:3)
  6 sphinxes
  Gastronok (D:11)
  Kirke (Lair:5)
  3 storm dragons (Vaults:4)
  5 nagarajas
  Donald (Orc:2)
  7 vault wardens
  A curse skull (Vaults:3)
  4 orc warlords
  13 ironbound preservers
  Aizul (Snake:1)
  9 ironbound thunderhulks
  A stone giant (Volcano)
  8 very ugly things
  A war gargoyle (Vaults:4)
  2 vampire knights
  Azrael (D:13)
  16 dire elephants
  2 ettins
  2 crystal guardians
  Snorg (Orc:2)
  2 deep elf death magi
  5 great orbs of eyes
  6 yaktaur captains
  A fire dragon (D:15)
  7 vault guards
  6 hydras
  2 catoblepae
  3 peacekeepers
  2 salamander tyrants (Snake:4)
  8 ironbound frosthearts
  4 anacondas
  6 two-headed ogres
  19 naga warriors
  8 boulder beetles
  7 centaur warriors
  4 orc high priests (Orc:2)
  A death yak (Lair:5)
  Sonja (Lair:2)
  22 naga sharpshooters
  2 tengu warriors
  A shock serpent (shapeshifter) (D:15)
  A salamander mystic (Snake:4)
  6 hell knights (D:12)
  7 shock serpents
  A fire crab (Lair:5)
  Amaemon (Lair:2)
  A skyshark (Lair:3)
  A skeletal warrior (Vaults:3)
  23 deep trolls
  7 naga ritualists
  30 slime creatures
  A swamp dragon (Lair:5)
  An orange crystal statue (D:10)
  17 lindwurms
  3 orc knights (Orc:2)
  A bog body (Lair:2)
  9 harpies
  5 necromancers
  2 deep elf pyromancers
  7 ironbound convokers
  6 wizards
  4 orc sorcerers (Orc:2)
  7 mana vipers
  A fire giant zombie (Vaults:2)
  15 ugly things
  3 cyclopes
  6 elephants (Lair:1)
  8 salamanders
  7 manticores
  42 black mambas
  16 vault sentinels
  3 guardian serpents
  23 naga magi
  An orange demon (Lair:2)
  5 gargoyles
  A torpor snail (Lair:5)
  A molten gargoyle (Volcano)
  A dire elephant skeleton (Crypt:1)
  7 komodo dragons
  Maggie (D:7)
  10 cane toads
  3 kobold demonologists
  5 efreet
  6 rime drakes
  2 freezing wraiths (D:15)
  5 unseen horrors
  An elf skeleton (Vaults:2)
  A komodo dragon (shapeshifter) (D:15)
  9 yaktaurs
  A yaktaur zombie (Vaults:1)
  5 tengu conjurers
  9 trolls
  11 polar bears
  2 hornets
  3 raiju (Lair:5)
  20 blink frogs
  A tengu simulacrum (Vaults:1)
  3 wraiths
  A hog (Lair:5)
  9 basilisks
  A vampire (D:10)
  6 fire bats (Volcano)
  Grum (D:8)
  36 yaks
  6 fire elementals
  5 steam dragons
  A golden eye (shapeshifter) (D:15)
  6 vampire mosquitoes
  7 wargs
  Menkaure (D:4)
  53 nagas
  3 acid dragons
  11 water moccasins
  23 hell hounds
  32 orc warriors
  A swamp drake (shapeshifter) (Vaults:1)
  3 ice beasts
  2 ogres (Orc:2)
  2 sky beasts
  14 black bears
  25 wolves
  A boggart (D:12)
  2 human skeletons (Vaults:1)
  A tengu (D:10)
  15 centaurs
  A kobold brigand (D:6)
  9 bullfrogs
  2 elf zombies (Ossuary)
  3 earth elementals (Volcano)
  A salamander skeleton (Crypt:1)
  2 gnoll sergeants
  6 scorpions
  3 killer bees (D:7)
  6 howler monkeys
  7 lava snakes
  3 human zombies
  23 orc priests
  4 hounds
  15 jellies
  A gnoll bouda (D:7)
  2 iguanas (D:6)
  32 orc wizards
  4 mummies (Ossuary)
  17 gnolls
  10 adders
  2 white imps (D:6)
  2 ufetubi (D:4)
  An adder zombie (Ossuary)
  A worm (D:2)
  2 dart slugs
  111 orcs
  8 endoplasms
  2 giant cockroaches (D:3)
  A gnoll zombie (Ossuary)
  4 goblins
  4 hobgoblins
  5 jackals
  3 quokkas
  9 ball pythons
  3 bats
  2 frilled lizards (D:2)
  2 hobgoblin zombies (Ossuary)
  12 kobolds
  2 orc zombies (Ossuary)
  2 quokka zombies (D:8)
  10 rats
  3 rat zombies (Ossuary)
1198 creatures vanquished.

Vanquished Creatures (collateral kills)
  A war gargoyle (Vaults:4)
  An ironbound thunderhulk (Vaults:4)
  A fire dragon (Lair:5)
  A vault guard (Vaults:4)
  An anaconda (Snake:4)
  3 naga warriors (Snake:4)
  A salamander mystic (Snake:4)
  A salamander (Snake:4)
  2 black mambas (Snake:4)
  A naga mage (Snake:4)
  4 slime creatures (D:8)
  A cane toad (Lair:5)
  A rime drake (Lair:5)
  A hog (Lair:5)
  A basilisk (Lair:5)
  A steam dragon (Lair:5)
  4 nagas (Snake:4)
  An acid dragon (Lair:5)
27 creatures vanquished.

Vanquished Creatures (others)
  3 humans (Lair:5)
  A vampire mosquito (D:11)
  An iguana (Lair:5)
  An orc (Orc:2)
6 creatures vanquished.

Grand Total: 1231 creatures vanquished

Notes
Turn   | Place    | Note
-------+----------+-------------------------------------------
     0 | D:1      | jagang the Human Monk began the quest for the Orb.
     0 | D:1      | Reached XP level 1. HP: 18/18 MP: 1/1
   160 | D:1      | Noticed an eye of devastation
   164 | D:1      | Noticed a shining eye
   167 | D:1      | Found a faded altar of an unknown god.
   168 | D:1      | Noticed a floating eye
   168 | D:1      | Noticed a floating eye
   325 | D:1      | Reached XP level 2. HP: 21/24 MP: 2/2
  1062 | D:2      | Reached XP level 3. HP: 27/29 MP: 3/3
  1091 | D:2      | Reached skill level 1 in Armour
  1112 | D:2      | Identified the +0 cloak of Limited Liability {Str+3}
  1883 | D:3      | Reached XP level 4. HP: 20/35 MP: 4/4
  2125 | D:3      | Identified the +7 war axe of Balance {elec, *Noise rPois
                  | Will+ Str+3}
  2376 | D:3      | Reached skill level 4 in Long Blades
  2384 | D:3      | Reached XP level 5. HP: 36/42 MP: 5/5
  2549 | D:3      | Reached XP level 6. HP: 34/48 MP: 6/6
  2798 | D:4      | Noticed Menkaure
  2801 | D:4      | Killed Menkaure
  2934 | D:4      | Reached XP level 7. HP: 55/55 MP: 7/7
  3014 | D:4      | You fall into a shaft and drop 2 floors!
  3041 | D:6      | Reached skill level 5 in Long Blades
  3043 | D:6      | Reached skill level 5 in Armour
  3152 | D:6      | Noticed a steam dragon
  3160 | D:6      | Killed a steam dragon
  3161 | D:6      | Reached skill level 5 in Fighting
  3161 | D:6      | Reached XP level 8. HP: 62/62 MP: 8/8
  3192 | D:6      | Identified the +2 helmet of Sorcery {rC+ SInv}
  3422 | D:6      | Found a sparkling altar of Nemelex Xobeh.
  3491 | D:5      | Entered Level 5 of the Dungeon
  3508 | D:5      | Reached skill level 6 in Long Blades
  3571 | D:5      | Identified the +6 ring mail of Insatiable Hunger {rElec rF-
                  | Will+}
  3577 | D:5      | Reached XP level 9. HP: 68/69 MP: 9/9
  4205 | D:4      | Identified the +0 leather armour of Qaif {-Cast Rampage
                  | rPois Int-3}
  4753 | D:6      | Found a staircase to the Ecumenical Temple.
  4758 | Temple   | Entered the Ecumenical Temple
  4801 | Temple   | Became a worshipper of the Shining One
  4801 | Temple   | Reached * piety under the Shining One
  4801 | Temple   | Reached ** piety under the Shining One
  4954 | D:6      | Found a hide-covered altar of Uskayaw.
  5110 | D:7      | Reached skill level 1 in Throwing
  5269 | D:7      | Reached skill level 7 in Long Blades
  5314 | D:7      | Noticed Maggie
  5331 | D:7      | Killed Maggie
  5707 | D:7      | Got the Secrets of the Sparrow
  5752 | D:7      | Noticed a hornet
  5756 | D:7      | Killed a hornet
  5757 | D:7      | Reached skill level 8 in Long Blades
  5757 | D:7      | Reached XP level 10. HP: 79/79 MP: 10/10
  6055 | D:8      | Noticed Grum
  6075 | D:8      | Killed Grum
  6290 | D:8      | Found a viscous altar of Jiyva.
  6313 | D:8      | Found a sand-covered staircase.
  6325 | Ossuary  | Entered an ossuary
  6325 | Ossuary  | Reached *** piety under the Shining One
  6719 | D:8      | Reached skill level 9 in Long Blades
  6826 | D:8      | Found a staircase to the Lair.
  6839 | D:8      | Found a transporter.
  6845 | D:8      | Found a transporter.
  6858 | D:8      | Found an iron altar of Okawaru.
  6858 | D:8      | Found a radiant altar of Vehumet.
  6859 | D:8      | Found a bloodstained altar of Trog.
  6873 | D:8      | Found a glowing silver altar of Zin.
  7026 | Lair:1   | Entered Level 1 of the Lair of Beasts
  7031 | Lair:1   | Noticed an elephant
  7032 | Lair:1   | Noticed an elephant
  7411 | D:9      | Found Hahidouq's Magic Scroll Shoppe.
  7414 | D:9      | Bought a scroll of identify for 30 gold pieces
  7414 | D:9      | Bought a scroll of noise for 15 gold pieces
  7414 | D:9      | Bought a scroll of blinking for 112 gold pieces
  7734 | D:9      | Reached skill level 1 in Shields
  7977 | D:9      | Reached skill level 1 in Invocations
  8481 | D:10     | Entered Level 10 of the Dungeon
  8492 | D:10     | Noticed an orange crystal statue
  8536 | D:10     | Noticed a two-headed ogre
  8536 | D:10     | Reached **** piety under the Shining One
  8545 | D:9      | Killed a two-headed ogre
  8546 | D:9      | Reached XP level 11. HP: 35/86 MP: 10/12
  8640 | D:9      | Reached skill level 10 in Long Blades
  8731 | D:10     | Noticed a two-headed ogre
  8738 | D:10     | Killed a two-headed ogre
  9007 | D:10     | Identified the ring "Usuinemo" {rF+ Str+4 SInv}
  9247 | D:11     | Identified the ring "Upsaskiz" {rPois rF+ Will+ Dex+6}
  9321 | D:11     | Noticed Gastronok
  9364 | D:11     | Killed Gastronok
  9365 | D:11     | Reached skill level 5 in Shields
  9409 | D:11     | Noticed a two-headed ogre
  9430 | D:11     | Killed a two-headed ogre
  9431 | D:11     | Reached XP level 12. HP: 78/94 MP: 15/15
  9904 | D:11     | Reached skill level 11 in Long Blades
 10059 | D:12     | Found a staircase to the Orcish Mines.
 10291 | D:12     | Noticed a boulder beetle
 10308 | D:12     | Killed a boulder beetle
 10429 | D:12     | Reached ***** piety under the Shining One
 10441 | D:12     | Reached skill level 10 in Armour
 10464 | D:12     | Reached skill level 5 in Invocations
 10466 | D:12     | Noticed a two-headed ogre
 10471 | D:12     | Killed a two-headed ogre
 10538 | D:12     | Found a runed translucent door.
 10538 | D:12     | Found a runed translucent door.
 10577 | D:12     | Noticed a two-headed ogre
 10593 | D:12     | Killed a two-headed ogre
 10830 | D:12     | Noticed a hell knight
 10842 | D:12     | Noticed a hell knight
 10842 | D:12     | Noticed a hell knight
 10908 | D:12     | Noticed a hell knight
 10911 | D:12     | Killed a hell knight
 10912 | D:12     | Reached skill level 12 in Long Blades
 10933 | D:12     | Killed a hell knight
 10934 | D:12     | Reached XP level 13. HP: 41/98 MP: 17/17
 11846 | D:12     | Found Riuvateth's Antique Armour Shop.
 12008 | D:12     | Reached skill level 10 in Fighting
 12166 | D:12     | Noticed a five-headed hydra
 12186 | D:12     | Killed a four-headed hydra
 12284 | D:12     | Got the Almanac of the Teacher
 12560 | D:8      | Reached skill level 13 in Long Blades
 12590 | D:8      | Identified the +0 plate armour of the Thoughtful Queens
                  | {Str+3}
 12971 | Lair:1   | Reached XP level 14. HP: 94/111 MP: 19/19
 13674 | Orc:1    | Entered Level 1 of the Orcish Mines
 13964 | Orc:2    | Entered Level 2 of the Orcish Mines
 14025 | Orc:2    | Found a radiant altar of Vehumet.
 14144 | Orc:2    | Found a staircase to the Elven Halls.
 14168 | Orc:2    | Noticed Snorg
 14178 | Orc:2    | Killed Snorg
 14273 | Orc:2    | Noticed an orc warlord
 14297 | Orc:2    | Killed an orc warlord
 14317 | Orc:2    | Reached skill level 14 in Long Blades
 14348 | Orc:2    | Noticed Donald
 14471 | Orc:2    | Killed Donald
 14759 | Orc:2    | Found Ithuo's Antique Armour Emporium.
 14760 | Orc:2    | Found Wovihomn's Antique Weapon Shoppe.
 14761 | Orc:2    | Found Fiesekk's General Store.
 14761 | Orc:2    | Found Daleroaw's Book Emporium.
 14777 | Orc:2    | Bought a shimmering cloak for 209 gold pieces
 14777 | Orc:2    | Identified the +2 cloak "Paovok" {rElec rN+ Dex+3} (You
                  | bought it in a shop on level 2 of the Orcish Mines)
 15599 | Lair:2   | Reached skill level 1 in Evocations
 15684 | Lair:2   | Noticed Sonja
 15704 | Lair:2   | Killed Sonja
 15810 | Lair:2   | Found a staircase to the Swamp.
 15914 | Lair:2   | Reached XP level 15. HP: 119/119 MP: 21/21
 15978 | Lair:2   | Noticed Amaemon
 16001 | Lair:2   | Killed Amaemon
 16520 | Lair:3   | Found a staircase to the Snake Pit.
 16695 | Lair:3   | You fall into a shaft and drop 2 floors!
 16695 | Lair:5   | Entered Level 5 of the Lair of Beasts
 16718 | Lair:5   | Noticed Kirke
 16736 | Lair:5   | Killed Kirke
 16757 | Lair:5   | Identified the +0 pair of gloves of the Saviour {Rampage
                  | MP+9 Str+3 Int-3 Slay+2}
 16834 | Lair:5   | Reached skill level 15 in Long Blades
 16894 | Lair:5   | Found a dark tunnel.
 16903 | Volcano  | Entered a volcano
 17050 | Volcano  | Found a bloodstained altar of Trog.
 17088 | Volcano  | Noticed a stone giant
 17094 | Volcano  | Killed a stone giant
 17099 | Volcano  | Identified the +2 helmet of Words of Power {Int+3 Dex+5}
 17292 | Lair:4   | Reached skill level 10 in Shields
 18324 | Lair:4   | Found a staircase to the Slime Pits.
 18327 | Lair:4   | Found a viscous altar of Jiyva.
 19199 | Lair:5   | Reached skill level 10 in Invocations
 19221 | Lair:5   | Reached XP level 16. HP: 123/127 MP: 23/23
 19404 | Lair:5   | Reached ****** piety under the Shining One
 19716 | Snake:1  | Entered Level 1 of the Snake Pit
 19972 | Snake:1  | Reached skill level 16 in Long Blades
 20019 | Snake:1  | Reached skill level 5 in Evocations
 20185 | Snake:1  | Noticed Aizul
 20200 | Snake:1  | Killed Aizul
 20267 | Snake:1  | Found a runed translucent door.
 20267 | Snake:1  | Noticed Yfikh's ghost (adept AtFi)
 21194 | Snake:2  | Noticed a nagaraja
 21206 | Snake:2  | Killed a nagaraja
 22020 | Snake:3  | Noticed Vashnia
 22032 | Snake:3  | Killed Vashnia
 22033 | Snake:3  | Reached XP level 17. HP: 111/135 MP: 25/25
 22136 | Snake:3  | Noticed Mlioglotl
 22150 | Snake:3  | Killed Mlioglotl
 22840 | Snake:4  | Entered Level 4 of the Snake Pit
 22868 | Snake:4  | Reached skill level 17 in Long Blades
 23081 | Snake:4  | Found Cipp's Book Shoppe.
 23257 | Snake:4  | Found Rischumot's Jewellery Shoppe.
 23273 | Snake:4  | Found a radiant altar of Vehumet.
 23651 | Snake:4  | The Shining One protects you from harm!
 23677 | Snake:4  | HP: 4/137 [naga warrior/+0 halberd (41)]
 23682 | Snake:4  | HP: 5/137 [poisoned by a naga ritualist (toxic radiance)]
 23828 | Snake:4  | Reached XP level 18. HP: 130/143 MP: 26/26
 24001 | Snake:4  | HP: 5/144 [naga mage/+0 halberd (9)]
 24004 | Snake:4  | HP: 1/144 [naga mage/+1 flail of venom (3)]
 24004 | Snake:4  | The Shining One protects you from harm!
 24512 | Snake:4  | Got a serpentine rune of Zot
 25184 | Orc:2    | Bought a runed plate armour for 572 gold pieces
 25638 | D:10     | Gained mutation: Your body sometimes deteriorates upon
                  | taking damage. [a neqoxec]
 26010 | D:13     | Noticed Rupert
 26025 | D:13     | Killed Rupert
 26260 | D:13     | Reached skill level 18 in Long Blades
 26266 | D:13     | Noticed Azrael
 26267 | D:13     | Found a gate to the Vaults.
 26299 | D:13     | Killed Azrael
 27151 | D:14     | Found an opulent altar of Gozag.
 27623 | D:15     | Entered Level 15 of the Dungeon
 27767 | D:15     | Found a blossoming altar of Fedhas.
 28066 | D:15     | Found a broken altar of Ashenzari.
 28246 | D:15     | Found a staircase to the Depths.
 28852 | Vaults:1 | Entered Level 1 of the Vaults
 28917 | Vaults:1 | Reached XP level 19. HP: 151/151 MP: 28/28
 28992 | Vaults:1 | Found Fiypsom's Jewellery Shoppe.
 30696 | Vaults:2 | Found Ugilegg's Weapon Emporium.
 30800 | Vaults:2 | Reached skill level 19 in Long Blades
 30965 | Vaults:2 | Noticed Boris
 30982 | Vaults:2 | Killed Boris
 31294 | Vaults:2 | Noticed Mennas
 31310 | Vaults:2 | Killed Mennas
 31451 | Vaults:2 | Noticed Mara
 31865 | Vaults:2 | Noticed jagang's illusion
 31874 | Vaults:2 | Killed Mara
 31875 | Vaults:2 | Reached skill level 15 in Armour
 31947 | Vaults:2 | Reached XP level 20. HP: 127/160 MP: 30/30
 32373 | Vaults:3 | Found Ugudeve's Jewellery Emporium.
 32919 | Vaults:3 | Found a staircase to the Crypt.
 32942 | Crypt:1  | Entered Level 1 of the Crypt
 33063 | Vaults:3 | Reached skill level 15 in Fighting
 33191 | Vaults:3 | Reached skill level 20 in Long Blades
 33462 | Vaults:3 | You fall into a shaft and drop 1 floor!
 33488 | Vaults:4 | Identified the +4 scale mail of Subjectivity {Regen+ rCorr
                  | Int-2}
 34594 | Lair:1   | Lost mutation: Your body sometimes deteriorates upon taking
                  | damage. [potion of mutation]
 34594 | Lair:1   | Gained mutation: Your spells are a little easier to cast,
                  | but a little less powerful. [potion of mutation]
 34594 | Lair:1   | Gained mutation: You are agile. (Dex +4, Str/Int -1)
                  | [potion of mutation]
 34595 | Lair:1   | Lost mutation: Your spells are a little easier to cast, but
                  | a little less powerful. [potion of mutation]
 34595 | Lair:1   | Lost mutation: You are agile. (Dex +4, Str/Int -1) [potion
                  | of mutation]
 34595 | Lair:1   | Gained mutation: You have hidden genetic defects. [potion
                  | of mutation]
 34595 | Lair:1   | Gained mutation: Your flesh is cold resistant. (rC+)
                  | [potion of mutation]
 34595 | Lair:1   | Gained mutation: You have large cloven feet. [potion of
                  | mutation]
 34596 | Lair:1   | Lost mutation: Your flesh is cold resistant. (rC+) [potion
                  | of mutation]
 34596 | Lair:1   | Lost mutation: You have hidden genetic defects. [potion of
                  | mutation]
 34596 | Lair:1   | Lost mutation: You have large cloven feet. [potion of
                  | mutation]
 34596 | Lair:1   | Gained mutation: You are weak. (Str -2) [potion of
                  | mutation]
 34596 | Lair:1   | Gained mutation: You have a pair of small horns on your
                  | head. [potion of mutation]
 34597 | Lair:1   | Lost mutation: You are weak. (Str -2) [potion of mutation]
 34597 | Lair:1   | Lost mutation: You have a pair of small horns on your head.
                  | [potion of mutation]
 34597 | Lair:1   | Gained mutation: Your spells are a little easier to cast,
                  | but a little less powerful. [potion of mutation]
 34597 | Lair:1   | Gained mutation: Your mind is acute. (Int +4, Str/Dex -1)
                  | [potion of mutation]
 34598 | Lair:1   | Lost mutation: Your spells are a little easier to cast, but
                  | a little less powerful. [potion of mutation]
 34598 | Lair:1   | Lost mutation: Your mind is acute. (Int +4, Str/Dex -1)
                  | [potion of mutation]
 34598 | Lair:1   | Gained mutation: You are agile. (Dex +4, Str/Int -1)
                  | [potion of mutation]
 34598 | Lair:1   | Gained mutation: You have sharp toenails. [potion of
                  | mutation]
 34598 | Lair:1   | Gained mutation: Your natural rate of healing is unusually
                  | fast. [potion of mutation]
 35348 | Vaults:4 | Reached XP level 21. HP: 168/168 MP: 31/31
 35919 | Vaults:4 | HP: 5/170 [ironbound frostheart/creeping frost[a vault
                  | warden] (24)]
 36154 | Vaults:4 | HP: 5/170 [ironbound frostheart/creeping frost[a vault
                  | warden] (15)]
 36156 | Vaults:4 | Hit by a stone thrown by a vault warden

Illustrated notes

Levels and vault maps discovered:
D:1:      dpeg_arrival_shelter, layout_basic,
          hellmonk_ecumenical_altar_watching_god
D:2:      layout_loops_ring, kennysheep_pointless_box
D:3:      layout_basic, serial_bayou_ford_a, hex_tiny, minmay_ruptured
D:4:      layout_basic, skrybe_limestone_x, minmay_misc_feat_room, uniq_menkaure
D:5:      layout_loops_ring, kennysheep_nondescript, roderic_lattice_a,
          hex_medium
D:6:      layout_basic, marbit_many_paths, mainiacjoe_overflow_boulevard,
          temple_doors_cd
D:7:      layout_rooms, uniq_maggie
D:8:      gammafunk_jiyva_shrine, layout_gridville,
          nicolae_overflow_quartered_altars, grunt_lair_entry_orc_guard_hut,
          enter_ossuary_4, uniq_grum
D:9:      nicolae_cairo_tiling_very_big, layout_basic, serial_shops,
          nicolae_shop_rolled_up
D:10:     layout_rooms, hangedman_decor_diamond_cutter,
          statue_in_the_mist_lemuel, grunt_decor_arrowhead, disabler_island
D:11:     layout_small_grid, uniq_gastronok
D:12:     minmay_the_grid_triangle_9x9_rhombus_thin
          [minmay_the_grid_triangle_9x9_skeleton,
          minmay_the_grid_triangle_9x9_prize_center,
          minmay_the_grid_triangle_9x9_tough_junction,
          minmay_the_grid_triangle_9x9_shrine], layout_small_grid,
          hiddenorc2_lemuel, serial_shops, shop, serial_glass, glass_columns_a,
          glass_columns_c, minmay_rotating_lava
D:13:     layout_irregular_city, skrybe_vaults_entry_preservation, uniq_rupert,
          uniq_azrael
D:14:     layout_long_grid, lemuel_crystal_altar, kennysheep_just_a_vault
D:15:     hangedman_depths_entry_try_elsewhere_first, layout_irregular_city,
          lemuel_coloured_pillars_altar, nicolae_ashenzari_panopticon
Temple:   nicolae_temple_slightly_damp_pantheon
Lair:1:   layout_misc_corridors
Lair:2:   layout_loops_ring, skrybe_swamp_entry_bodies, grunt_megastairs_2,
          lemuel_fruit_fields, lemuel_fruit_tree, uniq_sonja, uniq_amaemon
Lair:3:   layout_regular_city, guppyfry_snake_entry_garden, serial_rivers,
          chequers_serial_rivers_small_a, chequers_serial_rivers_small_a,
          chequers_serial_rivers_room_a, chequers_serial_rivers_micro_d,
          chequers_serial_rivers_small_a, chequers_serial_rivers_micro_c
Lair:4:   layout_roguey, minmay_slime_entry_jelly_boxes
Lair:5:   guppyfry_lair_end_dragon, layout_loops_ring,
          hangedman_lair_caniforms_friends, enter_volcano_1, uniq_kirke
Snake:1:  layout_misc_corridors, ebering_ghost_inner_flame, uniq_aizul
Snake:2:  layout_chambers, serial_bayou_pond_a, fake_guardian_serpent_vault,
          grunt_megastairs_1
Snake:3:  layout_basic, uniq_vashnia, uniq_mlioglotl
Snake:4:  snake_pit, layout_cave_town, serial_shops, shop,
          nicolae_shop_peninsula, basic_altar, hangedman_snake_corridor_split
Orc:1:    layout_caves
Orc:2:    st_orc_congregation, layout_diamond_mine, basic_altar, uniq_snorg,
          uniq_donald
Vaults:1: nicolae_vaults_closet_pinwheel_5, nicolae_vaults_tetromino_T_1,
          v_pattern_1, vaults_room_corners, v_misc_4, nicolae_vaults_heist,
          vaults_dpeg_diagonal, nicolae_vaults_diamond_1,
          layout_vaults_quadrants, serial_shops, nicolae_shop_behind_doors
Vaults:2: vaults_room_semicircle, vaults_room_stairs_pillars,
          ontoclasm_vaults_idyll, nicolae_vaults_two_Ls,
          nicolae_vaults_closet_pinwheel_4, nicolae_vaults_six-pack,
          vaults_mumra_hex, layout_vaults_chaotic_city, serial_shops, shop,
          uniq_mara, uniq_mennas, uniq_boris
Vaults:3: grunt_vaults_funnel, minmay_crypt_entry_simple_round,
          ontoclasm_vaults_ring_large, ontoclasm_vaults_ring_small,
          nicolae_vaults_house_1, nicolae_vaults_tetromino_Z_1,
          nicolae_vaults_closet_pinwheel_4, nicolae_vaults_trapezoid_lopsided_4,
          nicolae_vaults_wine_cellar, nicolae_vaults_apartment_2,
          nicolae_vaults_shelves_hall, vaults_dpeg_ring,
          layout_vaults_omnicross, serial_shops, nicolae_shop_crystal
Vaults:4: nicolae_vaults_trapezoid_1, hangedman_vaults_unwind,
          nicolae_vaults_oval_intersection, nicolae_vaults_cornered_office,
          dpeg_vaults_hating_casters, nicolae_vaults_spaceships,
          vaults_mumra_minichess_inversion, grunt_vaults_trifunnel,
          vaults_room_stairs_pillars, nicolae_vaults_diamond_1, v_misc_16,
          v_misc_27, layout_vaults_maze
Crypt:1:  layout_regular_city, minicrypt_bobbens

Skill      XL: |  1  2  3  4  5  6  7  8  9 10 11 12 13 14 15 16 17 18 19 20 |
---------------+-------------------------------------------------------------+-----
Armour         | 1 2 3 4 5 7 8 9 10 11 12 13 14 15 | 15.9
Long Blades    | 4 5 6 8 9 10 12 13 14 15 16 17 18 19 20 | 20.7
Fighting       | 4 5 6 7 8 9 10 11 12 13 14 15 | 15.8
Throwing       | 3 4 |  4.4
Shields        | 2 5 7 8 9 10 11 12 13 14 | 14.4
Invocations    | 1 4 5 7 8 10 11 12 13 14 | 14.7
Evocations     | 1 4 6 7 8 |  8.6
Dodging        | |  3.0

Action                     |  1- 3 |  4- 6 |  7- 9 | 10-12 | 13-15 | 16-18 | 19-21 || total
---------------------------+-------+-------+-------+-------+-------+-------+-------++-------
  Melee: Falchion          |    84 |    49 |       |   342 |    28 |       |       ||   503
         War axe           |       |    34 |   173 |    70 |       |       |       ||   277
         Scimitar          |       |       |       |       |   853 |  1029 |   370 ||  2252
         Eudemon blade     |       |       |       |       |       |       |   651 ||   651
         Kick              |       |       |       |       |       |       |   137 ||   137
  Throw: Dart              |       |       |    15 |    49 |    31 |     3 |       ||    98
         Javelin           |       |       |       |    23 |     5 |    18 |     1 ||    47
         Boomerang         |       |       |       |       |     2 |       |     2 ||     4
 Invoke: Cleansing Flame   |       |       |       |       |    16 |     3 |     4 ||    23
         Summon Divine War |       |       |       |       |     2 |     2 |     5 ||     9
         Divine Shield     |       |       |       |       |     3 |     2 |     1 ||     6
  Evoke: Wand              |       |       |     2 |    28 |    10 |     1 |     2 ||    43
         Phial of floods   |       |       |       |     1 |     1 |     1 |       ||     3
         Lightning rod     |       |       |       |       |       |     6 |       ||     6
    Use: Potion            |       |     1 |       |     2 |     4 |     7 |     8 ||    22
         Scroll            |       |       |    14 |     9 |    11 |     5 |     3 ||    42
 Armour: Robe              |     6 |       |       |       |       |       |       ||     6
         Leather armour    |     9 |    11 |       |       |       |       |       ||    20
         Ring mail         |       |    10 |    77 |   235 |    29 |       |       ||   351
         Chain mail        |       |     5 |    62 |       |       |       |       ||    67
         Plate armour      |       |       |       |       |   410 |   423 |   525 ||  1358
  Dodge: Dodged            |    65 |    63 |   115 |   248 |   150 |   136 |   127 ||   904
  Block: Kite shield       |       |       |       |   206 |   702 |   575 |       ||  1483
         Buckler           |       |       |       |    18 |       |       |       ||    18
         Reflection        |       |       |       |       |     2 |    85 |       ||    87
         Tower shield      |       |       |       |       |       |   417 |  1149 ||  1566
